 Dungeon Crawl Stone Soup version 0.31.0-32-g396128a36d (webtiles) character file.

Game seed: 14583869968493187971

1147 Peloso the Slasher (level 8, -7/70 HPs)
             Began as a Minotaur Fighter on Mar 30, 2024.
             Was a Believer of Okawaru.
             Mangled by Maggie
             ... wielding a +0 morningstar
              (15 damage)
             ... while paralysed by Maggie
             ... on level 6 of the Dungeon.
             The game lasted 00:07:57 (3806 turns).

Peloso the Slasher (Minotaur Fighter)               Turns: 3806, Time: 00:07:58

Health: -7/70      AC: 21    Str: 21    XL:     8   Next: 15%
Magic:  7/7        EV:  2    Int:  5    God:    Okawaru [**....]
Gold:   266        SH:  0    Dex: 12    Spells: 7/7 levels left

rFire   . . .        a - +0 long sword
rCold   + . .        d - +0 kite shield
rNeg    . . .        c - +8 chain mail {ponderous}
rPois   .            (helmet restricted)
rElec   .            (no cloak)
rCorr   .            (no gloves)
SInv    .            n - +2 pair of boots {Fly}
Will    .....        (no amulet) Stlth
                     l - ring of protection from cold
HPRegen 0.31/turn    o - +5 ring of evasion
MPRegen 0.10/turn

%: no passive effects
@: paralysed, flying, slow
A: horns 2, retaliatory headbutt
a: Renounce Religion, Heroism


You were on level 6 of the Dungeon.
You worshipped Okawaru.
Okawaru was pleased with you.
You visited 1 branch of the dungeon, and saw 6 of its levels.

You collected 266 gold pieces.

Inventory:

Hand Weapons
 a - a +0 long sword (weapon)
Armour
 b - a +0 scale mail
 c - a +8 chain mail of ponderousness (worn)
 d - a +0 kite shield (worn)
 n - a +2 pair of boots of flying (worn)
Jewellery
 l - a ring of protection from cold (left hand)
 o - a +5 ring of evasion (right hand)
Talismans
 A - a maw talisman
Wands
 t - a wand of polymorph (8)
 y - a wand of flame (13)
 z - a wand of mindburst (11)
Scrolls
 e - 7 scrolls of identify
 g - a scroll of enchant armour
 j - 2 scrolls of enchant weapon
 k - a scroll of fog {unknown}
 m - 2 scrolls of teleportation
 p - a scroll of brand weapon {unknown}
 s - 2 scrolls of amnesia {unknown}
 u - a scroll of vulnerability {unknown}
 w - a scroll of silence {unknown}
 x - a scroll of revelation {unknown}
 C - a scroll of fear {unknown}
Potions
 f - 2 potions of enlightenment
 h - a potion of might
 i - 5 potions of curing {unknown}
 q - a potion of haste {unknown}
 v - a potion of lignification {unknown}
 B - a potion of ambrosia {unknown}
Miscellaneous
 r - a box of beasts


   Skills:
 + Level 5.8 Fighting
 + Level 7.6 Long Blades
 + Level 5.7 Armour
 + Level 2.6 Dodging
 + Level 0.4 Stealth
 + Level 6.3 Shields
 + Level 0.5 Unarmed Combat
 + Level 0.1 Evocations


You had 7 spell levels left.
You didn't know any spells.
Your spell library was empty.

Dungeon Overview and Level Annotations

Branches:
Dungeon (6/15)
 Temple: D:4-7

Altars:
Cheibriados
Dithmenos
Elyvilon
Makhleb
Nemelex Xobeh
Okawaru
Uskayaw
The Shining One

Annotations:
D:6 Maggie


Innate Abilities, Weirdness & Mutations

You have a pair of horns on your head.
You reflexively headbutt those who attack you in melee.


Message History

You block Maggie's attack.
Unknown command.
You closely miss Maggie.
Maggie is heavily wounded.
You block Maggie's attack.
Unknown command.
You slash Maggie! You headbutt Maggie.
Maggie is severely wounded.
Maggie zaps a wand.
You suddenly lose the ability to move!
Maggie zaps a wand.
You shrug off the repeated paralysis!
You can move again.
You hit Maggie. Your headbutt misses Maggie.
Maggie is severely wounded.
Maggie casts a spell at you. The bolt of fire hits you!
Unknown command.
You hit Maggie but do no damage. Your headbutt misses Maggie.
Maggie is severely wounded.
You break out of your daze.
Maggie zaps a wand.
You resist with some effort.
Unknown command.
You slash Maggie! You headbutt Maggie.
Maggie is almost dead.
Maggie zaps a wand.
You shrug off the repeated paralysis!
Unknown command.
You hit Maggie but do no damage.
Maggie is almost dead.
Maggie mumbles some strange words.
Maggie attempts to bespell you! You resist.
Maggie zaps a wand.
You suddenly lose the ability to move!
Maggie casts a spell.
Maggie attempts to bespell you! You resist with almost no effort.
Maggie casts a spell at you. The bolt of fire hits you.
* * * LOW HITPOINT WARNING * * *
Maggie casts a spell at you. The bolt of fire hits you!
* * * LOW HITPOINT WARNING * * *
Maggie hits you with a +0 morningstar!
You die...

... ..# .... ..#
>.....# ..
#......###.##
.#.......#...
............
..#..##..@##
#....#...@# .
#........##
.'##.......##
#...#....###
#.....#...##
#..#.......#
#..........#
#####...#..#...#
.....'##..##..##


You could see Maggie.

Vanquished Creatures
  A sky beast (D:6)
  An ogre (D:5)
  2 centaurs
  A phantom (D:6)
  4 scorpions
  A gnoll sergeant (D:6)
  A howler monkey (D:5)
  2 jellies (D:2)
  2 iguanas
  2 sleepcaps
  Robin (D:4)
  8 adders
  A shadow imp (D:6)
  A white imp (D:5)
  2 dart slugs
  5 ribbon worms
  14 orcs
  11 ball pythons
  13 endoplasms
  4 giant cockroaches
  16 goblins
  10 hobgoblins
  6 jackals
  4 quokkas
  3 bats
  5 frilled lizards
  9 kobolds
  9 rats
139 creatures vanquished.

Vanquished Creatures (others)
  An orc (D:5)
1 creature vanquished.

Grand Total: 140 creatures vanquished

Notes
Turn   | Place    | Note
-------+----------+-------------------------------------------
     0 | D:1      | Peloso the Minotaur Fighter began the quest for the Orb.
     0 | D:1      | Reached XP level 1. HP: 19/19 MP: 0/0
    66 | D:1      | Reached XP level 2. HP: 23/27 MP: 1/1
   282 | D:1      | Found a faded altar of an unknown god.
   770 | D:2      | Reached XP level 3. HP: 27/33 MP: 2/2
   963 | D:2      | Reached skill level 3 in Long Blades
   963 | D:2      | Reached XP level 4. HP: 39/41 MP: 3/3
  1010 | D:2      | Found a glowing golden altar of the Shining One.
  1105 | D:2      | Found a shadowy altar of Dithmenos.
  1105 | D:2      | Found an iron altar of Okawaru.
  1105 | D:2      | Found a white marble altar of Elyvilon.
  1105 | D:2      | Found an iron altar of Okawaru.
  1105 | D:2      | Found a snail-covered altar of Cheibriados.
  1105 | D:2      | Found a hide-covered altar of Uskayaw.
  1115 | D:2      | Reached skill level 4 in Long Blades
  1119 | D:2      | Reached XP level 5. HP: 37/47 MP: 4/4
  1167 | D:2      | Became a worshipper of Warmaster Okawaru
  1573 | D:3      | Reached skill level 5 in Long Blades
  1721 | D:3      | Reached skill level 1 in Dodging
  1721 | D:3      | Reached XP level 6. HP: 53/53 MP: 5/5
  1911 | D:3      | Found a burning altar of Makhleb.
  2038 | D:4      | Noticed Robin
  2053 | D:4      | Reached skill level 5 in Shields
  2403 | D:4      | Killed Robin
  2808 | D:5      | Entered Level 5 of the Dungeon
  2821 | D:5      | Reached * piety under Okawaru
  2822 | D:5      | Reached skill level 5 in Fighting
  2822 | D:5      | Reached skill level 6 in Long Blades
  2829 | D:5      | Reached skill level 5 in Armour
  2829 | D:5      | Reached XP level 7. HP: 52/61 MP: 6/6
  3383 | D:5      | Found a sparkling altar of Nemelex Xobeh.
  3540 | D:5      | Reached ** piety under Okawaru
  3669 | D:6      | Reached skill level 7 in Long Blades
  3683 | D:6      | Reached XP level 8. HP: 50/70 MP: 7/7
  3761 | D:6      | Noticed Maggie
  3769 | D:6      | Paralysed by Maggie for 5 turns
  3785 | D:6      | Paralysed by Maggie for 3 turns
  3797 | D:6      | Paralysed by Maggie for 2 turns
  3802 | D:6      | Paralysed by Maggie for 5 turns
  3806 | D:6      | Mangled by Maggie

Illustrated notes

Levels and vault maps discovered:
D:1:      lightli_molten_gateway, layout_loops_cross,
          shapermc_ecumenical_altar_notcrosses
D:2:      cheibrodos_fertilizer, layout_rooms, basic_altar, serial_glass,
          glass_columns_b, glass_columns_a, item_on_display_a, item_on_display_a
D:3:      minmay_octagon_keep, layout_rooms, lightli_temple_of_fire,
          minmay_misc_feat_enclosed
D:4:      layout_cave_pools, grunt_ministairs_6, kennysheep_path_1, uniq_robin
D:5:      layout_basic, nemelex_diamond_rough_becter
D:6:      layout_cave_pools, tgw_xom, serial_column_ruins, column_ruins_grid_5,
          column_ruins_square_medium, column_ruins_open_small_water,
          column_ruins_open_tiny, column_ruins_open_small_water,
          column_ruins_open_small, minmay_fractal_squares_diagonal_5,
          uniq_maggie

Skill      XL: |  1  2  3  4  5  6  7 |
---------------+----------------------+-----
Fighting       | 4 5 |  5.8
Armour         | 4 5 |  5.7
Shields        | 4 5 6 |  6.3
Long Blades    | 3 4 5 6 7 |  7.6
Dodging        | 1 2 |  2.6
Stealth        | |  0.4
Unarmed Combat | |  0.5
Evocations     | |  0.1

Action                     |  1- 3 |  4- 6 |  7- 9 || total
---------------------------+-------+-------+-------++-------
  Melee: Long sword        |    83 |   188 |   102 ||   373
         Headbutt          |    14 |    32 |    19 ||    65
         Unarmed           |       |     4 |       ||     4
 Invoke: Heroism           |       |       |     1 ||     1
  Evoke: Wand              |       |       |     1 ||     1
    Use: Potion            |     2 |       |       ||     2
         Scroll            |     1 |     5 |       ||     6
 Armour: Scale mail        |    27 |       |       ||    27
         Chain mail        |    56 |   159 |    74 ||   289
         Skin              |       |    10 |       ||    10
  Dodge: Dodged            |    30 |   132 |    64 ||   226
  Block: Buckler           |    30 |    72 |    22 ||   124
         Kite shield       |       |       |     9 ||     9
